 Dungeon Crawl Stone Soup version 0.28-a0-1002-gf00fe891ef (webtiles) character file.

Game seed: 17736394765871763513

2 ytrimaz the Insei (level 1, 0/13 HPs)
             Began as an Octopode Transmuter on Dec 6, 2021.
             Slain by a bat (1 damage)
             ... on level 1 of the Dungeon.
             The game lasted 00:00:15 (60 turns).

ytrimaz the Insei (Octopode Transmuter)               Turns: 60, Time: 00:00:16

Health: 0/13       AC:  1    Str:  9    XL:     1   Next: 30%
Magic:  3/3        EV: 13    Int: 15    God:
Gold:   9          SH:  0    Dex: 12    Spells: 3/4 levels left

rFire   . . .      SeeInvis .     - Unarmed
rCold   . . .      Faith    .   (no shield)
rNeg    . . .      Spirit   .   (helmet restricted)
rPois   .          Reflect  .   (no amulet)
rElec   .          Harm     .   (no ring)
rCorr   .          Rampage  .   (no ring)
Will    .....                   (no ring)
Stlth   ++........              (no ring)
HPRegen 0.04/turn               (no ring)
MPRegen 0.08/turn               (no ring)
                                (no ring)
                                (no ring)

@: no status effects
A: almost no armour, amphibious, 8 rings, camouflage 1, gelatinous body 1,
(nimble swimmer 1), tentacles
a: no special abilities


You were on level 1 of the Dungeon.
You visited 1 branch of the dungeon, and saw 1 of its levels.

You collected 9 gold pieces.

You aren't carrying anything.


   Skills:
 * Level 1.0 Fighting
 - Level 2.0 Dodging
 + Level 3.0 Unarmed Combat
 * Level 2.0 Spellcasting
 * Level 2.0 Transmutations


You had 3 spell levels left.
You knew the following spells:

 Your Spells              Type           Power      Damage    Failure   Level
a - Beastly Appendage     Tmut           14%        N/A       10%         1

Your spell library contained the following spells:

 Spells                   Type           Power      Damage    Failure   Level
 Wereblood                Tmut           7%         N/A       14%         2
 Spider Form              Tmut/Pois      4%         N/A       41%         3
 Ice Form                 Ice/Tmut       4%         N/A       82%         4


Dungeon Overview and Level Annotations

Branches:
Dungeon (1/15)

Altars:


Innate Abilities, Weirdness & Mutations

You cannot wear most types of armour.
You are amphibious.
You can wear up to eight rings at the same time.
Your skin changes colour to match your surroundings (Stealth+).
Your rubbery body absorbs attacks. (AC +1, EV +1)
((You are camouflaged near water. (Stealth+)))
You have tentacles for arms and can constrict up to eight enemies at once.


Message History

Your transformation is almost over.
The bat barely misses you. The bat closely misses you.
The bat barely misses you. The bat misses you.
You barely miss the bat. Your grab misses the bat.
Your tentacle spike misses the bat.
Your squeeze misses the bat. The bat closely misses you.
You closely miss the bat. Your grab misses the bat. The bat barely misses you.
The bat barely misses you.
A quokka comes into view.
The bat closely misses you. The bat closely misses you.
Your tentacle spike disappears.
The bat closely misses you. The bat misses you.
You closely miss the bat. Your grab misses the bat.
The bat hits you but does no damage. The bat barely misses you.
You barely miss the bat. Your grab misses the bat.
The bat hits you but does no damage. The quokka bites you.
You tentacle-slap the quokka. Your grab misses the quokka.
You squeeze the quokka.
The quokka is almost dead.
The bat hits you. The quokka misses you.
You barely miss the quokka. Your grab misses the quokka.
The quokka is almost dead.
The bat barely misses you. x2; The quokka bites you.
The quokka bites you.
* * * LOW HITPOINT WARNING * * *
The bat misses you.
You closely miss the quokka. You grab the quokka.
You squeeze the quokka, but do no damage.
The quokka is almost dead.
You constrict the quokka.
You kill the quokka!
The bat hits you but does no damage. The bat hits you but does no damage.
The bat barely misses you. The bat barely misses you. The bat hits you.
You die...

.................#
#...............#
###...............#
..................#
............##..#.#
...###............#
#............#
#............# #####
#....b@......######....
#.................#.##+
#....†............#.#..
#......###+#......#.#.<
#......# #......#.##'
......#### #.####.'.+..
#####. #.# #.#+### #.
#.# #.. #. #.# ####


You could see a bat.

Vanquished Creatures
  A quokka (D:1)
  A rat (D:1)
2 creatures vanquished.

Notes
Turn   | Place    | Note
-------+----------+-------------------------------------------
     0 | D:1      | ytrimaz the Octopode Transmuter began the quest for the
                  | Orb.
     0 | D:1      | Reached XP level 1. HP: 13/13 MP: 3/3
    60 | D:1      | Slain by a bat

Illustrated notes

Levels and vault maps discovered:
D:1:      ncdulo_smallfort, layout_basic

Action                   || total
-------------------------++-------
Melee: Unarmed           ||     8
       Constrict         ||     2
       Tentacles         ||     2
 Cast: Beastly Appendage ||     1
Armor: Skin              ||     4
Dodge: Dodged            ||    22

Table legend: (Time is in decaauts)
 A = Elapsed time spent in this place.
 B = Non-inter-level travel time spent in this place.
 C = Inter-level travel time spent in this place.
 D = Time resting spent in this place.
 E = Time spent auto-exploring this place.
 F = Levels seen in this place.
 G = Mean time per level.
                   A        B        C        D        E       F      G
               +--------+--------+--------+--------+--------+-----+--------+
         Total |     59 |     59 |      0 |      0 |     29 |   1 |   59.0 |
       Dungeon |     59 |     59 |      0 |      0 |     29 |   1 |   59.0 |
               +--------+--------+--------+--------+--------+-----+--------+

Top non-repeatable levels by time:
     D:1: 59 daAuts
